 Dungeon Crawl Stone Soup version 0.20-a0-792-g09bcfd3 (webtiles) character file.

69 Alarkh the Skirmisher (level 4, 22/37 HPs)
             Began as a Demonspawn Monk on Feb 28, 2017.
             Got out of the dungeon alive.
             The game lasted 00:02:28 (2649 turns).

Alarkh the Skirmisher (Demonspawn Monk)             Turns: 2649, Time: 00:02:29

Health: 22/37      AC:  4    Str: 11    XL:     4   Next: 2%
Magic:  4/4        EV: 14    Int: 12    God:
Gold:   120        SH:  0    Dex: 18    Spells: 3/3 levels left

rFire    . . .     SeeInvis .   a - +0 hand axe
rCold    . . .     Gourm    .   b - +0 robe
rNeg     . . .     Faith    .   (no shield)
rPois    .         Spirit   .   (helmet restricted)
rElec    .         Reflect  .   (no cloak)
rCorr    .         Harm     .   (no gloves)
MR       .....                  (no boots)
Stlth    ++........             (no amulet)
Regen    0.2/turn               (no ring)
MPRegen  0.1/turn               (no ring)

@: no status effects
A: horns 1, icy blue scales 1, agile 1, rot immunity
a: no special abilities


You escaped.
You were not hungry.

You visited 1 branch of the dungeon, and saw 3 of its levels.

You collected 120 gold pieces.

Inventory:

Hand Weapons
 a - a +0 hand axe (weapon)
Armour
 b - a +0 robe (worn)
Scrolls
 d - a scroll of identify {unknown}
 e - a scroll of blinking {unknown}
 h - a scroll of enchant armour {unknown}
 j - a scroll of amnesia {unknown}
 k - a scroll of noise {unknown}
 l - a scroll of teleportation
 m - a scroll of remove curse {unknown}
Potions
 i - a potion of mutation
 n - a potion of haste {unknown}
 o - a potion of curing {unknown}
Comestibles
 c - 3 bread rations
 f - 3 meat rations
 g - 3 royal jellies
 p - 2 chunks of flesh


   Skills:
 + Level 3.7 Fighting
 * Level 3.7 Axes
 + Level 3.0 Dodging
 - Level 1.7 Stealth


You had 3 spell levels left.
You didn't know any spells.

Dungeon Overview and Level Annotations

Branches:
Dungeon (3/15)

Altars:
Gozag
Kikubaaqudgha
The Shining One

Annotations:
D:1 exclusion: gnoll
D:3 1 runed door


Innate Abilities, Weirdness & Mutations

You have a pair of small horns on your head.
You are partially covered in icy blue scales. (AC +2)
You are immune to rotting.
You are agile. (Dex +2)


Message History

You are too injured to fight recklessly!
You are too injured to fight recklessly!
You completely miss the kobold. The kobold hits you but does no damage.
You hit the kobold but do no damage. The kobold hits you but does no damage.
You hit the kobold but do no damage. The kobold barely misses you.
You hit the kobold.
You kill the kobold!
(D) Dungeon
Where to? (Enter - D:3, ? - help)
There is an open door here.
There is a stone staircase leading up here.
You climb upwards.
Level annotation: exclusion: gnoll
There is a stone staircase leading down here.
There is a stone staircase leading down here.
Eating one of 3 chunks of flesh.
You eat one of the 3 chunks of flesh.
This raw flesh tastes terrible.
There is a staircase leading out of the dungeon here.
Are you sure you want to leave the Dungeon?
This will make you lose the game!
You have escaped!

#...# #...# #...##
##....######
#...........
##################
#..##...##...####.
#....##.##.##.##.#
#@.###.##.###...##
#....###..# ####..
#..##.#.#.## #####
######..##.###.##.
#.######...####
#.# #..##### ##
#.# ###....###.
#.#####........
#.##.......####


There were no monsters in sight!

Vanquished Creatures
  2 adders (D:2)
  A worm (D:2)
  2 dart slugs (D:2)
  2 leopard geckos
  A bat zombie (D:2)
  A giant cockroach (D:3)
  5 goblins
  4 hobgoblins
  4 kobolds
  2 quokkas (D:2)
  A ball python (D:1)
  4 bats
  2 frilled lizards
  10 rats
  A rat zombie (D:2)
42 creatures vanquished.

Notes
Turn   | Place    | Note
-------+----------+-------------------------------------------
     0 | D:1      | Alarkh the Demonspawn Monk began the quest for the Orb.
     0 | D:1      | Reached XP level 1. HP: 18/18 MP: 1/1
   249 | D:1      | Gained mutation: You have a pair of small horns on your head. [demonic ancestry]
   249 | D:1      | Reached XP level 2. HP: 16/24 MP: 2/2
  1284 | D:2      | Gained mutation: You are weak. (Str -2) [potion of mutation]
  1284 | D:2      | Gained mutation: You are agile. (Dex +2) [potion of mutation]
  1284 | D:2      | Lost mutation: You are weak. (Str -2) [potion of mutation]
  1295 | D:2      | Gained mutation: You are partially covered in icy blue scales. (AC +2) [demonic ancestry]
  1295 | D:2      | Reached XP level 3. HP: 7/29 MP: 3/3
  2174 | D:2      | Found an opulent altar of Gozag.
  2371 | D:2      | Found an ancient bone altar of Kikubaaqudgha.
  2482 | D:3      | Found a glowing golden altar of the Shining One.
  2483 | D:3      | Found a runed door.
  2483 | D:3      | Noticed an angel
  2524 | D:3      | Gained mutation: You are immune to rotting. [demonic ancestry]
  2524 | D:3      | Reached XP level 4. HP: 10/37 MP: 4/4
  2649 | D:$      | Got out of the dungeon alive.

Vault maps used:
D:1:      dpeg_arrival_signposts, corexii_hall_statues_x
D:2:      lemuel_zombie_altar_kikubaaqudgha, nicolae_overflow_crystal_walls
D:3:      lemuel_angel_altar

Skill      XL: |  1  2  3 |
---------------+----------+-----
Axes           | 3 |  3.7
Dodging        | 3 |  3.0
Fighting       | |  3.7
Stealth        | |  1.7

Action                   |  1- 3 |  4- 6 || total
-------------------------+-------+-------++-------
Melee: Hand axe          |   137 |     6 ||   143
       Headbutt          |    18 |       ||    18
  Use: Potion            |     3 |       ||     3
       Scroll            |     1 |       ||     1
 Stab: Sleeping          |     5 |       ||     5
       Invisible         |     2 |       ||     2
  Eat: Chunk             |     5 |     1 ||     6
Armor: Robe              |    25 |     3 ||    28
Dodge: Dodged            |    75 |     5 ||    80
